 Dungeon Crawl Stone Soup version 0.30-a0-634-g8abc85282e (webtiles) character file.

Game seed: 5250171367580606943

222 jfcaron the Chopper (level 6, -3/52 HPs)
             Began as a Meteoran Monk on Jan 14, 2023.
             Was a Believer of Qazlal.
             Slain by a gnoll
             ... wielding a +0 flail
             ... led by a gnoll bouda
              (11 damage)
             ... on level 3 of the Dungeon on Jan 15, 2023.
             The game lasted 00:12:26 (1187 turns).

jfcaron the Chopper (Meteoran Monk)                 Turns: 1187, Time: 00:12:26

Health: -3/52      AC: 11    Str: 14    XL:     6   Next: 43%
Magic:  8/8        EV:  5    Int: 12    God:    Qazlal [**....]
Gold:   103        SH:  0    Dex: 17    Spells: 6/6 levels left

rFire   . . .      SeeInvis .    f - +4 dagger (elec)
rCold   . . .      Faith    .    (no shield)
rNeg    . . .      Spirit   .    j - +0 plate armour
rPois   .          Reflect  .    (no helmet)
rElec   .          Harm     .    (no cloak)
rCorr   .          Rampage  .    (no gloves)
Will    .....                    (no boots) Stlth
                                 (no amulet)
HPRegen 0.28/turn                (no ring)
MPRegen 0.11/turn                (no ring)

@: confused, ambrosia-drunk, glowing
A: sense surroundings 1, otherworldly, glowing, explore regen
a: Renounce Religion, Upheaval


You were on level 3 of the Dungeon.
You worshipped Qazlal.
Qazlal was pleased with you.
You visited 1 branch of the dungeon, and saw 4 of its levels.

You collected 103 gold pieces.

Inventory:

Hand Weapons
 a - a +0 hand axe
 f - a +4 dagger of electrocution (weapon)
   (You took it off a kobold on level 1 of the Dungeon)
 r - a +1 flail of protection
   (You took it off a gnoll on level 3 of the Dungeon)
Missiles
 p - 5 javelins
Armour
 b - a +0 robe
 e - a +1 leather armour
 j - a +0 plate armour (worn)
 o - a +0 ring mail
Magical Staves
 m - a staff of cold
   (You found it on level 3 of the Dungeon)
Scrolls
 g - a scroll of immolation
 i - a scroll of enchant armour
 l - a scroll of enchant weapon
 n - a scroll of identify {unknown}
Potions
 c - a potion of ambrosia
 d - a potion of lignification {unknown}
 k - a potion of resistance {unknown}
 q - a potion of degeneration {unknown}


   Skills:
 + Level 4.2 Fighting
 * Level 5.5 Axes
 + Level 2.5 Armour
 - Level 4.0 Dodging
 - Level 2.0 Stealth
 + Level 0.8 Spellcasting
 + Level 0.9 Transmutations
 + Level 0.9 Earth Magic
 + Level 0.1 Invocations


You had 6 spell levels left.
You didn't know any spells.
Your spell library contained the following spells:

 Spells                   Type           Power      Damage    Failure   Level
 Leda's Liquefaction      Hex/Erth       0%         N/A       100%        4
 Lee's Rapid Deconstruct  Erth           1%         3d4*      100%        5
 Statue Form              Tmut/Erth      1%         N/A       100%        6


Dungeon Overview and Level Annotations

Branches:
Dungeon (4/15) Zot: 1208
 Temple: D:4-7

Altars:
Qazlal
Sif Muna
Yredelemnul


Innate Abilities, Weirdness & Mutations

You passively map a small area around you.
You are easily found by Zot.
You glow in the dark.
You regain HP and MP as you explore.


Message History

You feel your attacks grow feeble. The gnoll hits you with a +0 flail.
You climb upwards.
There is a stone staircase leading down, spattered with blood here.
You hit the iguana. Your punch misses the iguana.
The iguana is lightly wounded.
The gnoll hits you but does no damage. The iguana bites you.
You hit the iguana but do no damage.
The iguana is lightly wounded.
The gnoll is no longer moving quickly.
The gnoll hits you with a +0 flail.
* * * LOW HITPOINT WARNING * * *
The iguana bites you.
* * * LOW HITPOINT WARNING * * *
It was a potion of heal wounds.
You feel much better.
Your attacks no longer feel as feeble.
The gnoll hits you but does no damage.
The iguana bites you but does no damage.
You hit the gnoll.
The gnoll is moderately wounded.
The gnoll is no longer moving quickly.
You block the gnoll's attack. You block the iguana's attack.
You barely miss the gnoll.
The gnoll is moderately wounded.
The gnoll hits you with a +0 flail! The iguana bites you!
* * * LOW HITPOINT WARNING * * *
You hit the gnoll.
The gnoll is heavily wounded.
The gnoll hits you with a +0 flail!
* * * LOW HITPOINT WARNING * * *
You block the iguana's attack.
You feel much better. The gnoll hits you with a +0 flail! The iguana bites you.
You are confused.
You feel invigorated. The gnoll hits you with a +0 flail!
* * * LOW HITPOINT WARNING * * *
The iguana bites you!
* * * LOW HITPOINT WARNING * * *
You hit the gnoll.
The gnoll is severely wounded.
The gnoll hits you with a +0 flail!
You die...

#.######.# * #.....#
#........# ##.....
#######..# #..###
#..#####.####..#
#..............#
#.######.####.## #.# #.#
#g# ,, #.# #@# , #.# #l#
# ##.## #g# *.# #...#
##...###.# ###...###
#####.###.... #........
#.....# #..# #.#........
#.###>###..#*#.....)....
#.# #....#.##...##)..#.#
#.# #.####.....#####....


You could see an iguana and 2 gnolls.

Vanquished Creatures
  An orc priest (D:3)
  An orc wizard (D:3)
  A gnoll (D:3)
  8 adders
  A dart slug (D:1)
  9 orcs
  10 endoplasms
  4 giant cockroaches
  4 goblins
  6 hobgoblins
  3 jackals (D:3)
  5 quokkas
  5 ball pythons
  5 bats
  4 frilled lizards
  4 kobolds
  A rat (D:2)
72 creatures vanquished.

Notes
Turn   | Place    | Note
-------+----------+-------------------------------------------
     0 | D:1      | jfcaron the Meteoran Monk began the quest for the Orb.
     0 | D:1      | Reached XP level 1. HP: 19/19 MP: 2/2
   102 | D:1      | Reached XP level 2. HP: 21/26 MP: 3/3
   231 | D:1      | Reached skill level 4 in Axes
   261 | D:1      | Reached XP level 3. HP: 22/31 MP: 4/4
   300 | D:2      | Reached skill level 1 in Armour
   365 | D:2      | Reached XP level 4. HP: 10/39 MP: 5/5
   491 | D:2      | Reached XP level 5. HP: 45/46 MP: 6/6
   526 | D:2      | Found a faded altar of an unknown god.
   670 | D:3      | Reached skill level 5 in Axes
   678 | D:3      | Found a shimmering blue altar of Sif Muna.
   759 | D:3      | Found a basalt altar of Yredelemnul.
   810 | D:3      | Reached XP level 6. HP: 34/52 MP: 7/7
   822 | D:3      | Found a stormy altar of Qazlal.
   829 | D:3      | Became a worshipper of Qazlal Stormbringer
   829 | D:3      | Reached * piety under Qazlal
   829 | D:3      | Reached ** piety under Qazlal
  1180 | D:3      | HP: 7/52 [iguana (6)]
  1186 | D:3      | HP: 4/52 [iguana (10)]
  1187 | D:3      | Slain by a gnoll

Illustrated notes

Levels and vault maps discovered:
D:1:      minmay_arrival_wavy_path, layout_basic, dreamdust_princess_corridor,
          st_stairs_8
D:2:      layout_rooms, ebering_ecumenical_altar_mist,
          kennysheep_generic_room_13
D:3:      layout_loops_ring, mainiacjoe_overflow_tiny_flanked,
          overflow_temple_1_default, mainiacjoe_overflow_swirl, grunt_decor_cap
D:4:      layout_layer_cave, serial_shops, shop, gammafunk_ghost_smash,
          minmay_surrounded

Skill      XL: |  1  2  3  4  5 |
---------------+----------------+-----
Axes           | 4 5 |  5.5
Armour         | 1 2 |  2.5
Dodging        | 4 |  4.0
Stealth        | 2 |  2.0
Fighting       | 4 |  4.2
Spellcasting   | |  0.8
Transmutations | |  0.9
Earth Magic    | |  0.9
Invocations    | |  0.1

Action                   |  1- 3 |  4- 6 || total
-------------------------+-------+-------++-------
Melee: Hand axe          |    20 |       ||    20
       Dagger            |    55 |   174 ||   229
       Punch             |       |     2 ||     2
  Use: Scroll            |     1 |     5 ||     6
       Potion            |       |     3 ||     3
Armor: Robe              |     1 |       ||     1
       Leather armour    |    15 |    15 ||    30
       Plate armour      |       |    94 ||    94
Dodge: Dodged            |    37 |    59 ||    96
Block: Other             |       |     9 ||     9

Table legend: (Time is in decaauts)
 A = Elapsed time spent in this place.
 B = Non-inter-level travel time spent in this place.
 C = Inter-level travel time spent in this place.
 D = Time resting spent in this place.
 E = Time spent auto-exploring this place.
 F = Levels seen in this place.
 G = Mean time per level.
                   A        B        C        D        E       F      G
               +--------+--------+--------+--------+--------+-----+--------+
         Total |   1190 |   1158 |     32 |      0 |     23 |   4 |  297.5 |
       Dungeon |   1190 |   1158 |     32 |      0 |     23 |   4 |  297.5 |
               +--------+--------+--------+--------+--------+-----+--------+

Top non-repeatable levels by time:
     D:3: 477 daAuts
     D:1: 302 daAuts
     D:2: 271 daAuts
     D:4: 140 daAuts

Table legend:
 A = Kills in this place as a percentage of kills in entire the game.
 B = Kills by you in this place as a percentage of kills by you in the entire game.
 C = Kills by friends in this place as a percentage of kills by friends in the entire game.
 D = Other kills in this place as a percentage of other kills in the entire game.
 E = Experience gained in this place as a percentage of experience gained in the entire game.
 F = Experience gained in this place divided by the number of levels of this place that you have seen.
                   A       B       C       D       E      F
               +-------+-------+-------+-------+-------+----------------------
         Total | 100.0 | 100.0 |   N/A |   N/A | 100.0 |  79.5
       Dungeon | 100.0 | 100.0 |   N/A |   N/A | 100.0 |  79.5
               +-------+-------+-------+-------+-------+----------------------
